 Dungeon Crawl Stone Soup version 0.24-a0-370-g78e9d4e317 (webtiles) character file.

Game seed: 10587456063514934249

383 HAL9000 the Cutter (level 6, 0/30 HPs)
             Began as a Vine Stalker Assassin on May 29, 2019.
             Was a Follower of Uskayaw.
             Slain by Edmund
             ... wielding a +1 flail of distortion
              (14 damage)
             ... on level 4 of the Dungeon on May 30, 2019.
             The game lasted 00:07:04 (2660 turns).

HAL9000 the Cutter (Vine Stalker Assassin)          Turns: 2660, Time: 00:07:05

Health: 0/30       AC:  5    Str: 15    XL:     6   Next: 76%
Magic:  0/7        EV: 11    Int: 12    God:    Uskayaw [*.....]
Gold:   194        SH:  0    Dex: 15    Spells: 5/5 levels left

rFire    + . .     SeeInvis +   a - +2 dagger
rCold    . . .     Gourm    .   (no shield)
rNeg     . . .     Faith    .   t - +0 leather armour {rF+}
rPois    .         Spirit   +   j - +0 helmet
rElec    .         Reflect  .   c - +0 cloak
rCorr    .         Harm     .   (no gloves)
MR       .....                  (no boots)
Stlth    +++.......             v - amulet of magic regeneration
HPRegen  0.50/turn              o - ring of see invisible
MPRegen  0.35/turn              (no ring)

@: no status effects
A: fangs 2, regeneration 1, magic shield, antimagic bite, no potion heal 3, rot
immunity
a: Stomp, Renounce Religion


You were on level 4 of the Dungeon.
You worshipped Uskayaw.
Uskayaw was noncommittal.
You were hungry.

You visited 2 branches of the dungeon, and saw 5 of its levels.

You collected 194 gold pieces.

Inventory:

Hand Weapons
 a - a +2 dagger (weapon)
Missiles
 d - 43 poisoned darts (quivered)
Armour
 c - a +0 cloak (worn)
 j - a +0 helmet (worn)
 t - a +0 leather armour of fire resistance (worn)
Jewellery
 o - a ring of see invisible (left hand)
 p - an uncursed amulet of harm
 v - an amulet of magic regeneration (around neck)
Scrolls
 g - 2 scrolls of identify {unknown}
 h - a scroll of blinking {unknown}
 i - 3 scrolls of teleportation {unknown}
 l - 3 scrolls of remove curse
 m - a scroll of noise {unknown}
 n - 2 scrolls of immolation {unknown}
 r - a scroll of amnesia {unknown}
Potions
 b - a potion of mutation {unknown}
 k - a potion of brilliance {unknown}
 q - a potion of berserk rage {unknown}
 s - 3 potions of curing {unknown}
 u - a potion of might {unknown}
 x - a potion of degeneration {unknown}
Comestibles
 f - 4 rations


   Skills:
 - Level 1.7 Fighting
 + Level 6.4 Short Blades
 - Level 1.7 Throwing
 - Level 0.7 Dodging
 - Level 4.8 Stealth


You had 5 spell levels left.
You didn't know any spells.
Your spell library was empty.

Dungeon Overview and Level Annotations

Branches:
Dungeon (4/15)             Temple (1/1) D:4

Altars:
Ashenzari
Cheibriados
Dithmenos
Elyvilon
Fedhas
Gozag
Hepliaklqana
Kikubaaqudgha
Makhleb
Nemelex Xobeh
Okawaru
Qazlal
Ru
Sif Muna
Trog
Uskayaw
Vehumet
Wu Jian
Xom
Yredelemnul
Zin
The Shining One

Annotations:
D:4 Edmund


Innate Abilities, Weirdness & Mutations

You have extremely sharp teeth.
Your natural rate of healing is unusually fast.
When hurt, damage is shared between your health and your magic reserves.
Your bite disrupts and absorbs the magic of your enemies.
Potions cannot restore your health.
You are immune to rotting.


Message History

You closely miss Edmund. Your bite misses Edmund.
Edmund is heavily wounded.
You are feeling hungry.
Edmund misses you.
Throwing (i - inventory. (/) - cycle)
e - a curare-tipped dart (quivered)
Press: ? - help, Shift-Dir - straight line, f/p - Edmund
Aim: Edmund, wielding a +1 flail of distortion and wearing a +0 chain mail (heavily wounded, slow, poisoned)
You throw a curare-tipped dart. The curare-tipped dart hits Edmund.
Edmund looks even sicker.
Edmund convulses.
Edmund seems to be slow for longer.
Edmund is heavily wounded.
Edmund barely misses you.
You barely miss Edmund. Your bite misses Edmund.
Edmund is severely wounded.
You barely miss Edmund. You bite Edmund, but do no damage.
Edmund is severely wounded.
You barely miss Edmund.
Edmund is severely wounded.
Edmund hits you with a +1 flail of distortion.
Space warps horribly around you!!
You die...

#.#.##.##.####.## ..
#.##.##.#......
######>#.###.##.##.#.##.##
....#....................
#.#.#.....#.#<....#.##.#. #
#.#.#.#........####.##.#.
#.#.....####.....# #.##...
#................# #.#####
#.####...#.@@......####.#####
....<....(...................
#.####...##.##.....####.#####
##'###.##......# #.# #.#
#.###.#.#.# #.# #.# #.#
#.#.#.###.##### #@# #.#
#.#.#.#........ ... ..#
#.#.#.#.#.##### .(.###..
..#.#.#.#....##


You could see Edmund.

Vanquished Creatures
  Sigmund (D:3)
  An ogre (D:4)
  An orc wizard (D:2)
  4 adders (D:2)
  An ooze (D:1)
  4 worms
  2 dart slugs
  3 orcs
  3 ball pythons
  3 giant cockroaches
  10 goblins
  7 hobgoblins
  2 jackals (D:4)
  A quokka (D:2)
  6 bats
  6 frilled lizards
  4 kobolds
  5 rats
64 creatures vanquished.

Notes
Turn   | Place    | Note
-------+----------+-------------------------------------------
     0 | D:1      | HAL9000 the Vine Stalker Assassin began the quest for the
                  | Orb.
     0 | D:1      | Reached XP level 1. HP: 11/11 MP: 2/2
    54 | D:1      | Reached skill level 2 in Short Blades
   105 | D:1      | Reached XP level 2. HP: 15/15 MP: 3/3
   451 | D:1      | Reached skill level 3 in Short Blades
   552 | D:1      | Reached XP level 3. HP: 18/18 MP: 4/4
   966 | D:2      | Gained mutation: Your natural rate of healing is unusually
                  | fast. [Vine Stalker growth]
   966 | D:2      | Reached XP level 4. HP: 20/23 MP: 5/5
  1102 | D:2      | Reached skill level 4 in Short Blades
  1480 | D:2      | Reached XP level 5. HP: 15/26 MP: 3/6
  1674 | D:3      | Found a bloodstained altar of Trog.
  1806 | D:3      | Noticed Sigmund
  1823 | D:3      | Killed Sigmund
  1823 | D:3      | Reached skill level 5 in Short Blades
  1823 | D:3      | Reached XP level 6. HP: 14/30 MP: 4/7
  1882 | D:3      | Reached skill level 6 in Short Blades
  2133 | D:4      | Found a staircase to the Ecumenical Temple.
  2247 | Temple   | Entered the Ecumenical Temple
  2318 | Temple   | Became a worshipper of Uskayaw the Reveler
  2385 | D:4      | Upgraded the game from 0.24-a0-368-g0e0cebd0f3 to
                  | 0.24-a0-370-g78e9d4e317
  2385 | D:4      | Reached * piety under Uskayaw
  2627 | D:4      | Noticed Edmund
  2660 | D:4      | Slain by Edmund

Levels and vault maps discovered:
D:1:      psy_arrival_conway, layout_loops_ring
D:2:      layout_loops_ring
D:3:      layout_rooms, lemuel_doored_altar, uniq_sigmund
D:4:      layout_basic, minmay_temple_entry_statues_fountains, uniq_edmund
Temple:   grunt_wide_crystal_templ

Skill      XL: |  1  2  3  4  5  6 |
---------------+-------------------+-----
Short Blades   | 2 3 4 5 6 |  6.4
Fighting       | |  1.7
Throwing       | |  1.7
Dodging        | |  0.7
Stealth        | |  4.8

Action                   |  1- 3 |  4- 6 || total
-------------------------+-------+-------++-------
Melee: Dagger            |    63 |   120 ||   183
       Bite              |    12 |    35 ||    47
Throw: Dart              |       |    14 ||    14
  Use: Scroll            |       |     1 ||     1
 Stab: Sleeping          |    10 |    12 ||    22
  Eat: Chunk             |       |     5 ||     5
Armor: Robe              |    13 |     3 ||    16
       Leather armour    |       |    12 ||    12
Dodge: Dodged            |    40 |    42 ||    82

Table legend:
 A = Non-vault XP
 B = Vault XP
 C = Vault XP percentage of total XP
 D = Non-vault monster count
 E = Vault monster count
 F = Vault count percentage of total count
                 A         B        C        D         E       F
            +---------+---------+-------+---------+---------+-------
      Total |     325 |     223 |  40.7 |      63 |       1 |   1.6
            +---------+---------+-------+---------+---------+-------
        D:1 |      38 |       0 |   0.0 |      18 |       0 |   0.0
        D:2 |     147 |       0 |   0.0 |      33 |       0 |   0.0
        D:3 |      20 |     223 |  91.8 |       7 |       1 |  12.5
        D:4 |     120 |       0 |   0.0 |       5 |       0 |   0.0
            +---------+---------+-------+---------+---------+-------
